 Dungeon Crawl Stone Soup version 0.29.1-12-g30fa7ad0bf (webtiles) character file.

Game seed: 11349939488001023094

600 cheesebisquit the Cleaver (level 7, 0/58 HPs)
             Began as a Minotaur Berserker on Jan 1, 2023.
             Was a Believer of Trog.
             Succumbed to a scorpion's poison
             ... on level 5 of the Dungeon.
             The game lasted 00:16:51 (4077 turns).

cheesebisquit the Cleaver (Minotaur Berserker)      Turns: 4077, Time: 00:16:52

Health: 0/58       AC: 14    Str: 27    XL:     7   Next: 18%
Magic:  15/15      EV:  7    Int:  4    God:    Trog [**....]
Gold:   148        SH:  0    Dex:  9    Spells: 6/6 levels left

rFire   . . .      SeeInvis .   u - +0 war axe (vorpal)
rCold   . . .      Faith    .   (no shield)
rNeg    . . .      Spirit   .   h - +0 plate armour
rPois   .          Reflect  .   (helmet restricted)
rElec   .          Harm     .   (no cloak)
rCorr   .          Rampage  .   s - +2 pair of gloves {Str+3}
Will    .....                   (no boots)
Stlth   ..........              (no amulet)
HPRegen 0.19/turn               g - ring of magical power
MPRegen 0.14/turn               (no ring)

@: brilliant, lethally poisoned (0 -> -6), on berserk cooldown, attractive,
slowed, very slow
A: horns 2, retaliatory headbutt
a: Renounce Religion, Berserk, Trog's Hand


You were on level 5 of the Dungeon.
You worshipped Trog.
Trog was pleased with you.
You visited 1 branch of the dungeon, and saw 5 of its levels.

You collected 148 gold pieces.

Inventory:

Hand Weapons
 t - a +0 flail
 u - a +0 vorpal war axe (weapon)
Missiles
 r - 8 poisoned darts (quivered)
Armour
 h - a +0 plate armour (worn)
 s - a +2 pair of gloves of strength (worn)
Jewellery
 g - a ring of magical power (left hand)
Scrolls
 j - a scroll of vulnerability {unknown}
 l - a scroll of amnesia {unknown}
 o - a scroll of teleportation {unknown}
 p - a scroll of butterflies {unknown}
Potions
 b - a potion of mutation
 f - a potion of haste
 i - a potion of ambrosia
 k - a potion of flight
 q - a potion of lignification {unknown}


   Skills:
 - Level 3.8 Fighting
 + Level 9.8 Axes
 - Level 2.7 Armour
 - Level 2.4 Dodging


You had 6 spell levels left.
You didn't know any spells.
Your spell library was empty.

Dungeon Overview and Level Annotations

Branches:
Dungeon (5/15)
 Temple: D:4-7

Altars:
Zin


Innate Abilities, Weirdness & Mutations

You have a pair of horns on your head.
You reflexively headbutt those who attack you in melee.


Message History

The scorpion stings you but does no damage.
The scorpion closely misses you.
You closely miss the scorpion. Your headbutt misses the scorpion.
The scorpion stings you.
* * * LOW HITPOINT WARNING * * *
You are lethally poisoned!
The scorpion poisons you!
The scorpion stings you but does no damage.
It was a potion of attraction.
You feel attractive to monsters.
* * * LOW HITPOINT WARNING * * *
You feel very sick.
The scorpion stings you but does no damage.
It was a potion of brilliance.
You feel clever all of a sudden.
* * * LOW HITPOINT WARNING * * *
You feel very sick. The scorpion barely misses you. You furiously retaliate!
You headbutt the scorpion.
The scorpion stings you but does no damage.
It was a potion of curing.
You feel better. The scorpion stings you.
* * * LOW HITPOINT WARNING * * *
You are lethally poisoned!
The scorpion poisons you! The scorpion stings you.
* * * LOW HITPOINT WARNING * * *
Okay, then.
As you read the scroll labelled ETROTS ATSUAGH, it crumbles to dust.
It is a scroll of brand weapon.
Your +0 war axe emits a brilliant flash of light!
u - a +0 vorpal war axe (weapon)
* * * LOW HITPOINT WARNING * * *
You feel very sick. The scorpion barely misses you. You furiously retaliate!
You headbutt the scorpion!
The scorpion stings you but does no damage.
Blink to where?
Press: ? - help, Dir - move target
As you read the scroll labelled LEGRIE YTAOS, it crumbles to dust.
It was a scroll of blinking.
You die...

.... #... #... #.. #...
#.# #... #.# #...
#####.### #...
P.#.###.......# ####...
P......@......# #<...##
..#####....)..####......
.......†..'..#....##
..#....)..##.####.##
......#)####.# #...
##......)s§.#.# ####
...........#.# #
##.........#.# #
.'.........#.#######


You could see a scorpion.

Vanquished Creatures
  An ogre (D:4)
  A kobold brigand (D:4)
  3 hounds (D:5)
  A jelly (D:5)
  A gnoll bouda (D:5)
  Ijyb (D:5)
  An orc wizard (D:4)
  6 gnolls
  9 adders
  3 dart slugs
  7 orcs (D:4)
  11 ball pythons
  8 endoplasms
  2 giant cockroaches (D:2)
  7 goblins
  7 hobgoblins
  11 jackals
  6 kobolds
  3 quokkas
  8 bats
  3 frilled lizards
  8 rats
108 creatures vanquished.

Notes
Turn   | Place    | Note
-------+----------+-------------------------------------------
     0 | D:1      | cheesebisquit the Minotaur Berserker began the quest for
                  | the Orb.
     0 | D:1      | Reached XP level 1. HP: 19/19 MP: 0/0
   480 | D:1      | Reached XP level 2. HP: 15/27 MP: 1/1
   660 | D:1      | Found a faded altar of an unknown god.
   669 | D:1      | Reached skill level 4 in Axes
  1268 | D:2      | Reached XP level 3. HP: 33/33 MP: 2/2
  1553 | D:2      | Reached skill level 5 in Axes
  1598 | D:2      | Reached ** piety under Trog
  1805 | D:2      | Reached XP level 4. HP: 40/40 MP: 3/3
  2223 | D:2      | Reached skill level 6 in Axes
  2791 | D:3      | Identified the +0 leather armour of Nanifeer {rPois Dex+4}
  2915 | D:3      | Found a glowing silver altar of Zin.
  2974 | D:3      | Reached XP level 5. HP: 46/46 MP: 4/4
  3273 | D:4      | Reached skill level 7 in Axes
  3349 | D:4      | Noticed an ogre
  3358 | D:4      | Killed an ogre
  3359 | D:4      | Reached skill level 8 in Axes
  3359 | D:4      | Reached XP level 6. HP: 52/52 MP: 5/5
  3946 | D:5      | Entered Level 5 of the Dungeon
  3980 | D:5      | Reached skill level 9 in Axes
  4022 | D:5      | Noticed Ijyb
  4039 | D:5      | Reached XP level 7. HP: 58/58 MP: 6/6
  4050 | D:5      | Killed Ijyb
  4076 | D:5      | HP: 2/58 [poisoned by a scorpion]
  4077 | D:5      | Succumbed to a scorpion's poison

Illustrated notes

Levels and vault maps discovered:
D:1:      reono_arrival_forest_river, layout_basic, ebering_ecumenical_altar_box
D:2:      layout_basic
D:3:      minmay_chambers_of_twos, layout_rooms, nicolae_overflow_crystal_walls,
          grunt_decor_cap
D:4:      cheibrodos_helix_gallery, layout_cave_pools
D:5:      layout_basic, nicolae_vehumet_altar_sigil,
          mainiacjoe_overflow_cross_hatched, cheibrodos_sewer_entry_sluice,
          nicolae_shop_i_like_big_books, uniq_pikel, uniq_ijyb

Skill      XL: |  1  2  3  4  5  6 |
---------------+-------------------+-----
Axes           | 4 5 6 8 9 |  9.8
Fighting       | |  3.8
Armour         | |  2.7
Dodging        | |  2.4

Action                   |  1- 3 |  4- 6 |  7- 9 || total
-------------------------+-------+-------+-------++-------
Melee: Hand axe          |    80 |   114 |       ||   194
       Headbutt          |    14 |    25 |     1 ||    40
       War axe           |       |    28 |    18 ||    46
Invok: Berserk           |     2 |     4 |       ||     6
       Trog's Hand       |       |     4 |       ||     4
  Use: Scroll            |       |     5 |     2 ||     7
       Potion            |       |     2 |     4 ||     6
 Stab: Sleeping          |     1 |       |       ||     1
Armor: Animal skin       |     4 |       |       ||     4
       Leather armour    |    18 |    18 |       ||    36
       Ring mail         |       |     8 |       ||     8
       Plate armour      |       |    59 |    12 ||    71
       Scale mail        |       |     6 |       ||     6
Dodge: Dodged            |    45 |    96 |    11 ||   152
